AoeStats
← PABLICRAFT07

African Clearing

505698642Analyzed
4v4 RM · 22d ago on Sep 10, 2026· 60m 44s· 8 players
Game mode
Random Map
Map size
Large (8 player)
Population
200
Speed
Normal
Resources
Standard
Victory
Conquest
Starting age
Dark Age
Ending age
Imperial Age
RankedLock teamsTeams togetherTeam positionsShared explorationLock speedFull tech treeHidden civsTurbo modeCheats
Victory
Defeat
🇩🇪 Magyars · Germany
858
+17
🇲🇽 Burgundians · Mexico
812
+19
🇫🇷 Franks · France
777
+20
🇺🇸 Mongols · United States
734
+21
🇨🇭 Spanish · Switzerland
891
-20
🇦🇺 Maya · Australia
880
-20
🇨🇱 Inca · Chile
871
-45
🇮🇩 Britons · Indonesia
829
-18
(Quetzal)ODINset
6:51 Loom
8:54 Double-Bit Axe
10:00 Loom
15:21 Feudal Age
16:30 Town Watch
18:05 Bow Saw
23:13 Castle Age
20:55 Horse Collar
23:06 Heavy Plow
26:56 Wheelbarrow
28:01 Scale Mail Armor
30:28 Crop Rotation
30:48 Hand Cart
34:06 Gold Mining
34:06 Stone Mining
35:38 Two-Man Saw
37:23 Stone Shaft Mining
37:26 Gold Shaft Mining
36:45 Pikeman
37:27 Squires
37:45 Scale Barding Armor
41:19 Imperial Age
38:20 Light Cavalry
39:01 Husbandry
38:35 Cavalier
39:32 Town Patrol
41:31 Burgundian Vineyards
42:15 Chain Barding Armor
42:11 Chain Mail Armor
42:07 Forging
41:37 Capped Ram
42:02 Halberdier
43:37 Plate Barding Armor
42:39 Paladin
45:01 Plate Mail Armor
48:46 Light Cavalry
49:48 Conscription
48:50 Elite Coustillier
49:56 Hussar
54:12 Coinage
59:56 Banking
$impnationri$eup
8:06 Loom
12:48 Feudal Age
24:29 Castle Age
22:58 Scale Barding Armor
22:45 Fletching
23:35 Bloodlines
26:30 Husbandry
27:28 Forging
33:23 Padded Archer Armor
33:21 Bodkin Arrow
38:20 Imperial Age
37:16 Double-Bit Axe
39:04 Thumb Ring
39:24 Conscription
39:46 Wheelbarrow
40:12 Bow Saw
42:19 Parthian Tactics
43:20 Drill
43:20 Bracer
43:23 Capped Ram
47:14 Nomads
47:51 Ballistics
52:59 Hand Cart
52:58 Elite Mangudai
53:57 Siege Ram
fnon
5:16 Loom
16:05 Feudal Age
25:18 Wheelbarrow
24:33 Double-Bit Axe
24:42 Gold Mining
30:45 Castle Age
29:46 Fletching
30:07 Forging
31:16 Padded Archer Armor
31:19 Scale Mail Armor
31:48 Bodkin Arrow
31:26 Crossbowman
31:45 Pikeman
33:20 Husbandry
33:26 Squires
34:41 Leather Archer Armor
35:08 Scale Barding Armor
36:50 Gold Shaft Mining
37:24 Iron Casting
36:38 Arson
37:12 Town Watch
38:56 Chain Barding Armor
41:54 Hand Cart
41:42 Town Patrol
49:38 Imperial Age
50:11 Cavalier
51:29 Plate Barding Armor
51:54 Blast Furnace
52:37 Ballistics
53:53 Conscription
53:11 Paladin
Mistăr
3:35 Loom
13:20 Feudal Age
13:58 Horse Collar
14:27 Double-Bit Axe
23:32 Castle Age
22:23 Stone Mining
22:30 Gold Mining
24:30 Bow Saw
24:22 Heavy Plow
27:52 Wheelbarrow
27:56 Husbandry
28:07 Bloodlines
28:32 Corvinian Army
29:37 Bloodlines
31:26 Scale Barding Armor
33:57 Chain Barding Armor
33:53 Light Cavalry
41:07 Imperial Age
38:53 Hand Cart
43:07 Parthian Tactics
42:03 Heavy Cavalry Archer
42:36 Fletching
43:22 Plate Barding Armor
42:11 Elite Magyar Huszar
43:13 Conscription
46:11 Thumb Ring
46:02 Bodkin Arrow
47:00 Arson
49:14 Pikeman
52:24 Recurve Bow
53:27 Halberdier
55:55 Two-Man Saw
55:28 Crop Rotation
59:05 Bracer
58:46 Elite Skirmisher
59:33 Hussar
Bombus_Alpinus
5:27 Loom
16:44 Feudal Age
18:02 Wheelbarrow
17:22 Double-Bit Axe
22:31 Castle Age
21:05 Horse Collar
23:29 Hand Cart
24:53 Bow Saw
24:47 Heavy Plow
25:13 Caravan
26:40 Stone Mining
30:30 Husbandry
30:40 Bloodlines
31:43 Gold Mining
32:29 Stone Shaft Mining
38:32 Imperial Age
36:54 Scale Barding Armor
36:51 Padded Archer Armor
38:59 Leather Archer Armor
40:22 Two-Man Saw
39:46 Conscription
38:47 Elite Conquistador
39:47 Guilds
40:07 Coinage
40:51 Ring Archer Armor
40:42 Chain Barding Armor
40:33 Forging
40:36 Cavalier
43:45 Paladin
45:32 Hoardings
PABLICRAFT07
9:53 Loom
10:00 Loom
13:15 Feudal Age
17:42 Castle Age
21:08 Wheelbarrow
20:24 Town Watch
26:56 Double-Bit Axe
26:52 Horse Collar
28:35 Wheelbarrow
29:02 Horse Collar
29:32 Bow Saw
30:17 Forging
32:13 Hand Cart
34:38 Town Patrol
34:49 Gold Mining
34:54 Champi Runner
35:38 Scale Mail Armor
36:44 Heavy Plow
39:53 Imperial Age
37:05 Champi Warrior
37:51 Squires
37:38 Arson
38:32 Iron Casting
38:30 Pikeman
40:17 Chain Mail Armor
41:38 Blast Furnace
40:12 Elite Champi Warrior
40:13 Halberdier
41:33 Conscription
42:16 Plate Mail Armor
45:58 Fabric Shields
45:51 Heavy Scorpion
50:49 Fletching
K10
17:13 Feudal Age
17:41 Double-Bit Axe
17:39 Horse Collar
18:40 Wheelbarrow
25:09 Castle Age
27:17 Bow Saw
27:28 Scale Mail Armor
27:39 Forging
27:30 Padded Archer Armor
27:21 Fletching
28:11 Heavy Plow
28:43 Stone Mining
31:52 Hand Cart
36:42 Imperial Age
34:55 Arson
35:11 Squires
34:33 Pikeman
35:11 Bodkin Arrow
36:00 Thumb Ring
36:19 Ballistics
37:36 Iron Casting
37:03 Gold Mining
37:58 Caravan
38:14 Bracer
39:54 Blast Furnace
38:53 Elite Skirmisher
39:17 Treadmill Crane
41:03 Hul'che Javelineers
42:50 Chemistry
44:07 Halberdier
45:22 Chain Mail Armor
45:23 Leather Archer Armor
44:43 Elite Plumed Archer
47:47 Halberdier
53:26 Conscription
54:30 Holcans
55:07 Plate Mail Armor
55:07 Ring Archer Armor
oos
3:41 Loom
18:17 Feudal Age
19:36 Wheelbarrow
18:51 Town Watch
23:52 Castle Age
24:25 Gold Mining
25:05 Double-Bit Axe
27:44 Bow Saw
28:24 Hand Cart
29:55 Fletching
30:05 Padded Archer Armor
33:26 Padded Archer Armor
46:40 Horse Collar
49:23 Stone Mining
51:21 Gold Shaft Mining
Connection lost

Rejoining the realm…

Still unreachable

The connection could not be restored.

Session expired

The server has moved on; the page needs a fresh start.